AoeStats
← Unknown

Coastal Forest

510421856Analyzed
2v2 RM · 1d ago on Sep 30, 2026· 25m 34s· 4 players
Game mode
Random Map
Map size
Medium (4 player)
Population
200
Speed
Normal
Resources
Standard
Victory
Conquest
Starting age
Dark Age
Ending age
Imperial Age
RankedLock teamsTeams togetherTeam positionsShared explorationLock speedFull tech treeHidden civsTurbo modeCheats
Victory
Defeat
🇧🇷 Maya · Brazil
1229
+12
🇧🇷 Persians · Brazil
1141
+14
🇵🇪 Huns · Peru
1152
-14
🇺🇸 Persians · United States
1099
-12
Unknown
10:02 Feudal Age
12:11 Loom
12:55 Fletching
13:18 Forging
13:17 Scale Barding Armor
18:00 Double-Bit Axe
18:14 Horse Collar
21:26 Fletching
25:27 Castle Age
lord evil
1:35 Loom
1:51 Loom
11:08 Feudal Age
17:14 Castle Age
22:47 Town Watch
25:29 Wheelbarrow
25:23 Fishing Lines
tjfreire
0:26 Loom
10:38 Feudal Age
12:59 Double-Bit Axe
13:14 Town Watch
13:14 Horse Collar
16:57 Fletching
23:00 Castle Age
21:34 Padded Archer Armor
23:41 Bodkin Arrow
23:09 Crossbowman
acefelipe
7:05 Loom
9:15 Feudal Age
10:27 Double-Bit Axe
12:19 Horse Collar
16:04 Forging
22:40 Castle Age
20:59 Scale Barding Armor
22:30 Bloodlines
25:34 Husbandry
Connection lost

Rejoining the realm…

Still unreachable

The connection could not be restored.

Session expired

The server has moved on; the page needs a fresh start.